 Dungeon Crawl Stone Soup version 0.28-a0-1087-gf3fc490d9d (webtiles) character file.

Game seed: 17052720542551727642

108 ducksouse the Sneak (level 4, -3/27 HPs)
             Began as an Octopode Earth Elementalist on Dec 10, 2021.
             Slain by a phantom (7 damage)
             ... on level 4 of the Dungeon.
             The game lasted 00:52:15 (4911 turns).

ducksouse the Sneak (Octopode Earth Elementalist)   Turns: 4911, Time: 00:52:15

Health: -3/27      AC:  1    Str:  7    XL:     4   Next: 87%
Magic:  4/7        EV: 13    Int: 19    God:
Gold:   92         SH:  0    Dex: 12    Spells: 4/8 levels left

rFire   . . .      SeeInvis .   l - +4 quarterstaff (chaos)
rCold   . . .      Faith    .   (shield currently unavailable)
rNeg    . . .      Spirit   .   (helmet restricted)
rPois   .          Reflect  .   f - amulet of magic regeneration
rElec   .          Harm     .   (no ring)
rCorr   .          Rampage  .   (no ring)
Will    .....                   (no ring)
Stlth   ++++......              (no ring)
HPRegen 0.09/turn               (no ring)
MPRegen 0.50/turn               (no ring)
                                (no ring)
                                (no ring)

@: no status effects
A: almost no armour, amphibious, 8 rings, camouflage 1, gelatinous body 1,
(nimble swimmer 1), tentacles
a: no special abilities


You were on level 4 of the Dungeon.
You visited 1 branch of the dungeon, and saw 4 of its levels.

You collected 92 gold pieces.

Inventory:

Hand Weapons
 c - a +0 dagger {daggermot}
 e - a +0 mace
 h - a +2 dagger of electrocution
 l - a +4 quarterstaff of chaos (weapon)
Missiles
 b - 24 stones
 p - 4 javelins (quivered)
Armour
 d - a +0 leather armour
 m - a +1 cloak of willpower
Jewellery
 f - an amulet of magic regeneration (around mantle)
Scrolls
 a - a scroll of torment {unknown}
 i - a scroll of summoning
 n - a scroll of blinking {unknown}
 r - a scroll of fog {unknown}
Potions
 j - a potion of might {unknown}
 k - 3 potions of curing {unknown}
 o - 2 potions of mutation {unknown}
 q - a potion of ambrosia {unknown}


   Skills:
 + Level 1.0 Short Blades
 + Level 0.1 Maces & Flails
 + Level 0.1 Throwing
 + Level 2.2 Dodging
 + Level 4.3 Stealth
 + Level 2.6 Spellcasting
 + Level 0.2 Conjurations
 + Level 1.2 Transmutations
 + Level 3.8 Earth Magic


You had 4 spell levels left.
You knew the following spells:

 Your Spells              Type           Power      Damage    Failure   Level
a - Sandblast             Erth           34%        2d9       3%          1
b - Stone Arrow           Conj/Erth      20%        3d8       21%         3

Your spell library contained the following spells:

 Spells                   Type           Power      Damage    Failure   Level
 Passwall                 Tmut/Erth      10%        N/A       9%          2
 Slow                     Hex            8%         N/A       16%         1
 Confusing Touch          Hex            2%         N/A       43%         3
 Petrify                  Tmut/Erth      12%        N/A       50%         4
 Yara's Violent Unravell  Hex/Tmut       2%         3d3       98%         5


Dungeon Overview and Level Annotations

Branches:
Dungeon (4/15)
 Temple: D:4-7

Altars:
Elyvilon
Fedhas
Gozag

Annotations:
D:3 exclusion: oklob plant
D:4 Eustachio


Innate Abilities, Weirdness & Mutations

You cannot wear most types of armour.
You are amphibious.
You can wear up to eight rings at the same time.
Your skin changes colour to match your surroundings (Stealth+).
Your rubbery body absorbs attacks. (AC +1, EV +1)
((You are camouflaged near water. (Stealth+)))
You have tentacles for arms and can constrict up to eight enemies at once.


Message History

Confirm with . or Enter, or press ? or * to list all spells.
Aiming: Sandblast (safe; 3% risk of failure)
Press: ? - help, Shift-Dir - straight line, f/p - phantom
Aim: a phantom (severely damaged, 71% to hit)
The blast of sand misses the phantom.
b - 27 stones The phantom completely misses you.
Casting: Sandblast (safe; 3% risk of failure)
Confirm with . or Enter, or press ? or * to list all spells.
Aiming: Sandblast (safe; 3% risk of failure)
Press: ? - help, Shift-Dir - straight line, f/p - phantom
Aim: a phantom (severely damaged, 71% to hit)
The blast of sand misses the phantom.
b - 26 stones The phantom misses you.
Unknown command.
Casting: Sandblast (safe; 3% risk of failure)
Confirm with . or Enter, or press ? or * to list all spells.
Aiming: Sandblast (safe; 3% risk of failure)
Press: ? - help, Shift-Dir - straight line, f/p - phantom
Aim: a phantom (severely damaged, 71% to hit)
The blast of sand hits the phantom.
The phantom is almost destroyed.
b - 25 stones The phantom hits you.
Casting: Sandblast (safe; 3% risk of failure)
Confirm with . or Enter, or press ? or * to list all spells.
Aiming: Sandblast (safe; 3% risk of failure)
Press: ? - help, Shift-Dir - straight line, f/p - phantom
Aim: a phantom (almost destroyed, 71% to hit)
The blast of sand hits the phantom.
The phantom is almost destroyed.
b - 24 stones The phantom hits you!
* * * LOW HITPOINT WARNING * * *
The phantom blinks!
You blink.
You closely miss the phantom. You squeeze the phantom.
The phantom is almost destroyed.
The phantom hits you!
You die...

######<...#
####>.......##
............#
.######.....#
#.....##
#.....# ##
#....## #.###
#....#
##.@W####....#
##......#....##
#............#
#............#
#...........##
#...........#
#....ยง.....##
#..........#
#....).....#


You could see a phantom.

Vanquished Creatures
  Crazy Yiuf (D:2)
  2 adders (D:2)
  3 worms
  4 ball pythons
  6 endoplasms
  3 giant cockroaches
  11 goblins
  4 hobgoblins
  3 kobolds (D:1)
  2 quokkas (D:2)
  2 bats
  3 frilled lizards
  6 rats
50 creatures vanquished.

Vanquished Creatures (others)
  7 fungi
  15 plants
22 creatures vanquished.

Grand Total: 72 creatures vanquished

Notes
Turn   | Place    | Note
-------+----------+-------------------------------------------
     0 | D:1      | ducksouse the Octopode Earth Elementalist began the quest
                  | for the Orb.
     0 | D:1      | Reached XP level 1. HP: 11/11 MP: 3/3
   560 | D:1      | Reached XP level 2. HP: 15/17 MP: 5/5
  2203 | D:2      | Reached XP level 3. HP: 21/21 MP: 6/6
  2512 | D:2      | Learned a level 3 spell: Stone Arrow
  2642 | D:2      | Reached skill level 3 in Stealth
  2721 | D:2      | Reached XP level 4. HP: 23/27 MP: 2/7
  2922 | D:2      | Found a runed translucent door.
  2923 | D:2      | Noticed Crazy Yiuf
  2932 | D:2      | HP: 1/27 [Crazy Yiuf (12)]
  2933 | D:2      | Killed Crazy Yiuf
  2934 | D:2      | Reached skill level 1 in Short Blades
  2934 | D:2      | Reached skill level 4 in Stealth
  3367 | D:3      | Found a blossoming altar of Fedhas.
  3420 | D:3      | Noticed an oklob plant
  3687 | D:3      | Found a white marble altar of Elyvilon.
  3772 | D:3      | Found an opulent altar of Gozag.
  4883 | D:4      | Noticed Eustachio
  4884 | D:4      | Noticed a phantom
  4911 | D:4      | Slain by a phantom

Illustrated notes

Levels and vault maps discovered:
D:1:      dpeg_arrival_tiny_h, layout_basic, serial_bayou_pond_d,
          feat_on_display
D:2:      layout_rooms, uniq_crazy_yiuf_cottage
D:3:      layout_loops_cross, elyvilon_altar_1, nicolae_gozag_seed_capital,
          tgw_fedhas, minmay_misc_feat_doors, kennysheep_potato
D:4:      layout_cave_pods, mainiacjoe_overflow_cross_hatched, uniq_eustachio

Skill      XL: |  1  2  3  4 |
---------------+-------------+-----
Stealth        | 3 4 |  4.3
Short Blades   | 1 |  1.0
Maces & Flails | |  0.1
Throwing       | |  0.1
Dodging        | |  2.2
Spellcasting   | |  2.6
Conjurations   | |  0.2
Transmutations | |  1.2
Earth Magic    | |  3.8

Action                   |  1- 3 |  4- 6 || total
-------------------------+-------+-------++-------
Melee: Mace              |     4 |       ||     4
       Dagger            |    46 |     6 ||    52
       Constrict         |    11 |    19 ||    30
       Tentacles         |     2 |    15 ||    17
       Quarterstaff      |       |    60 ||    60
Throw: Javelin           |       |     7 ||     7
       Stone             |       |     6 ||     6
 Cast: Sandblast         |    27 |    14 ||    41
       Stone Arrow       |     1 |     1 ||     2
  Use: Scroll            |     1 |       ||     1
       Potion            |       |     1 ||     1
 Stab: Sleeping          |     7 |     5 ||    12
Armor: Skin              |     3 |     2 ||     5
Dodge: Dodged            |    20 |    13 ||    33

Table legend: (Time is in decaauts)
 A = Elapsed time spent in this place.
 B = Non-inter-level travel time spent in this place.
 C = Inter-level travel time spent in this place.
 D = Time resting spent in this place.
 E = Time spent auto-exploring this place.
 F = Levels seen in this place.
 G = Mean time per level.
                   A        B        C        D        E       F      G
               +--------+--------+--------+--------+--------+-----+--------+
         Total |   4930 |   4785 |    145 |    905 |    804 |   4 | 1232.5 |
       Dungeon |   4930 |   4785 |    145 |    905 |    804 |   4 | 1232.5 |
               +--------+--------+--------+--------+--------+-----+--------+

Top non-repeatable levels by time:
     D:1: 2204 daAuts
     D:3: 1588 daAuts
     D:2: 1079 daAuts
     D:4: 58 daAuts
